 Dungeon Crawl Stone Soup version 0.23-a0-79-gaa8cc03057 (console) character file.

811 IVQ038 the Cleaver (level 7, -4/61 HPs)
             Began as a Hill Orc Fighter on Aug 12, 2018.
             Was an Initiate of Beogh.
             Killed by divine providence
             ... invoked by an orc priest
              (16 damage)
             ... on level 5 of the Dungeon.
             The game lasted 00:44:41 (4088 turns).

IVQ038 the Cleaver (Hill Orc Fighter)               Turns: 4088, Time: 00:44:42

Health: -4/61      AC: 10    Str: 20    XL:     7   Next: 93%
Magic:  7/7        EV:  6    Int:  8    God:    Beogh [......]
Gold:   300        SH: 10    Dex: 11    Spells: 6/6 levels left

rFire    x x x     SeeInvis .   a - +0 war axe
rCold    + . .     Gourm    .   c - +0 shield
rNeg     . . .     Faith    .   i - +0 chain mail
rPois    .         Spirit   .   (no helmet)
rElec    .         Reflect  .   (no cloak)
rCorr    .         Harm     .   (no gloves)
MR       .....                  h - +0 pair of boots
Stlth    ..........             (no amulet)
HPRegen  0.20/turn              m - ring of ice
MPRegen  0.10/turn              t - ring of wizardry

@: no status effects
A: [heat vulnerability 2]
a: Renounce Religion


You were on level 5 of the Dungeon.
You worshipped Beogh.
Beogh was noncommittal.
You were not hungry.

You visited 1 branch of the dungeon, and saw 5 of its levels.

You collected 300 gold pieces.

Inventory:

Hand Weapons
 a - a +0 war axe (weapon)
Armour
 b - a +0 scale mail
 c - a +0 shield (worn)
 h - a +0 pair of boots (worn)
 i - a +0 chain mail (worn)
Jewellery
 m - a ring of ice (left hand)
 t - a ring of wizardry (right hand)
Wands
 w - a wand of random effects (35)
Scrolls
 g - 2 scrolls of remove curse
 j - a scroll of enchant armour {unknown}
 n - 2 scrolls of enchant weapon {unknown}
 p - 2 scrolls of identify {unknown}
 q - 3 scrolls of teleportation {unknown}
 s - 3 scrolls of magic mapping {unknown}
 x - a scroll of fear {unknown}
Potions
 d - a potion of might
 e - a potion of mutation {unknown}
 k - 3 potions of agility {unknown}
 l - 4 potions of curing {unknown}
 o - a potion of haste {unknown}
 r - 2 potions of heal wounds {unknown}
 u - a potion of invisibility
 v - 2 potions of degeneration {unknown}
 z - a potion of berserk rage {unknown}
Comestibles
 f - 6 rations


   Skills:
 + Level 5.3 Fighting
 + Level 8.0 Axes
 + Level 4.8 Armour
 + Level 0.9 Dodging
 + Level 5.4 Shields


You had 6 spell levels left.
You didn't know any spells.
Your spell library was empty.

Dungeon Overview and Level Annotations

Branches:
Dungeon (5/15)             Temple (0/1) D:5

Altars:
Makhleb
Qazlal
Ru
Xom


Innate Abilities, Weirdness & Mutations

[You are very vulnerable to heat. (rF--)]


Message History

The centaur shoots an arrow.
You block the arrow.
You see here an arrow.
The centaur shoots an arrow.
The arrow hits you.
The centaur shoots an arrow.
The arrow hits you.
You see here 2 arrows.
The centaur shoots an arrow.
You block the arrow.
You see here an arrow.
The centaur shoots an arrow.
The arrow hits you.
The centaur shoots an arrow.
The arrow hits you.
You see here an arrow.
The centaur shoots an arrow.
You block the arrow.
The orc priest mumbles some strange prayers to Beogh against you.
Beogh smites you!
* * * LOW HITPOINT WARNING * * *
You see here an arrow.
The centaur shoots an arrow.
You block the arrow.
The orc priest invokes the aid of Beogh against you.
Beogh smites you!
You die...
Beogh appreciates the orc priest's killing of a heretic priest.

..............................
..............................
..............................
..............................
..............................
..............................
..............................
................)<.........≈≈≈
................@.........≈≈§≈
................o........≈≈§≈≈
.........................≈§≈>≈
........)................≈≈§≈≈
.....<........{...........≈≈§≈
............o..o...........≈≈≈
...........w...c...........
.............o............
..........(.............


You could see a centaur, a worm, an orc priest and 3 orcs.

Vanquished Creatures
  An ice beast (D:4)
  An ogre (D:5)
  A howler monkey (D:4)
  A bullfrog zombie (D:3)
  4 crimson imps (D:3)
  2 hounds (D:4)
  An orc priest (D:3)
  2 jellies (D:2)
  An iguana (D:5)
  A hound skeleton (D:4)
  Robin (D:2)
  A gnoll (D:1)
  7 adders
  10 oozes (D:2)
  A worm (D:4)
  2 dart slugs
  4 leopard geckos
  4 orcs
  6 bats
  A bat skeleton (D:2)
  3 giant cockroaches
  15 goblins
  7 hobgoblins
  4 jackals (D:1)
  18 kobolds
  A quokka (D:4)
  6 frilled lizards
  A leopard gecko skeleton (D:2)
  A quokka zombie (D:2)
  4 rats
112 creatures vanquished.

Vanquished Creatures (others)
  A frilled lizard (D:3)
  A fungus (D:2)
  5 toadstools (D:2)
7 creatures vanquished.

Grand Total: 119 creatures vanquished

Notes
Turn   | Place    | Note
-------+----------+-------------------------------------------
     0 | D:1      | IVQ038 the Hill Orc Fighter began the quest for the Orb.
     0 | D:1      | Reached XP level 1. HP: 19/19 MP: 1/1
    72 | D:1      | Reached XP level 2. HP: 23/27 MP: 2/2
   460 | D:1      | Reached skill level 3 in Axes
   460 | D:1      | Reached XP level 3. HP: 29/33 MP: 3/3
   790 | D:2      | Reached XP level 4. HP: 23/40 MP: 4/4
  1113 | D:2      | Noticed Robin
  1128 | D:2      | Killed Robin
  1128 | D:2      | Reached skill level 4 in Axes
  1235 | D:2      | Reached XP level 5. HP: 45/46 MP: 5/5
  1420 | D:2      | Reached skill level 5 in Axes
  1656 | D:2      | Reached XP level 6. HP: 50/53 MP: 6/6
  1685 | D:2      | Found a stormy altar of Qazlal.
  1688 | D:2      | Noticed an air elemental
  1688 | D:2      | Noticed a water elemental
  1688 | D:2      | Noticed a fire elemental
  1697 | D:2      | Became a worshipper of Qazlal Stormbringer
  2001 | D:2      | Found a sacrificial altar of Ru.
  2098 | D:3      | Found a shimmering altar of Xom.
  2294 | D:3      | Reached skill level 6 in Axes
  2301 | D:3      | Fell from the grace of Qazlal
  2301 | D:3      | Became a worshipper of Beogh the Brigand
  2640 | D:3      | Reached XP level 7. HP: 47/60 MP: 7/7
  2655 | D:3      | Reached skill level 5 in Fighting
  3028 | D:4      | Reached skill level 5 in Shields
  3205 | D:4      | Found a burning altar of Makhleb.
  3205 | D:4      | Noticed an Executioner
  3293 | D:4      | Reached skill level 7 in Axes
  3658 | D:5      | Entered Level 5 of the Dungeon
  3891 | D:5      | Reached skill level 8 in Axes
  3933 | D:5      | Found a staircase to the Ecumenical Temple.
  4088 | D:5      | Killed from afar by an orc priest

Vault maps used:
D:1:      minmay_arrival_stone_box, minmay_pentomino_x2
D:2:      cheibrodos_fertilizer, nicolae_qazlal_style_of_elements,
          serial_undead, serial_undead_f, serial_undead_d, serial_undead_a,
          serial_undead_f, nicolae_ru_path_of_blood, uniq_robin
D:3:      yredelemnul_forgotten_temple_becter, led_xom_imps,
          chequers_ecumenical_altar_grove, first_ration, uniq_sigmund
D:4:      makhleb_altar_promises_db
D:5:      grunt_temple_overflow_open, minmay_temple_entry_mist

Skill      XL: |  1  2  3  4  5  6  7 |
---------------+----------------------+-----
Fighting       | 4 5 |  5.3
Axes           | 3 4 5 6 8 |  8.0
Shields        | 4 5 |  5.4
Armour         | 4 |  4.8
Dodging        | |  0.9

Action                   |  1- 3 |  4- 6 |  7- 9 || total
-------------------------+-------+-------+-------++-------
Melee: War axe           |   103 |   219 |    75 ||   397
Invok: Convert to Beogh  |       |     1 |       ||     1
Evoke: Wand              |       |       |     1 ||     1
  Use: Scroll            |       |     1 |       ||     1
  Eat: Chunk             |       |     6 |     3 ||     9
       Ration            |       |       |     1 ||     1
Armor: Scale mail        |    22 |       |       ||    22
       Chain mail        |    56 |   157 |    50 ||   263
Dodge: Dodged            |    37 |    59 |    35 ||   131
Block: Shield            |    85 |   125 |    71 ||   281

Table legend:
 A = Non-vault XP
 B = Vault XP
 C = Vault XP percentage of total XP
 D = Non-vault monster count
 E = Vault monster count
 F = Vault count percentage of total count
 G = Total turns spent on level
                 A         B        C        D         E       F
            +---------+---------+-------+---------+---------+-------
      Total |     772 |     387 |  33.4 |      75 |      37 |  33.0
            +---------+---------+-------+---------+---------+-------
        D:1 |      52 |       1 |   1.9 |      21 |       1 |   4.5
        D:2 |      75 |     196 |  72.3 |      21 |      32 |  60.4
        D:3 |     162 |     190 |  54.0 |      21 |       4 |  16.0
        D:4 |     318 |       0 |   0.0 |       9 |       0 |   0.0
        D:5 |     165 |       0 |   0.0 |       3 |       0 |   0.0
            +---------+---------+-------+---------+---------+-------
